 Dungeon Crawl Stone Soup version 0.18-a0-1572-g0a86841 (webtiles) character file.

25 Oddball22 the Grasshopper (level 2, -3/15 HPs)
             Began as a Spriggan Warper on Mar 15, 2016.
             Slain by a gnoll
             ... wielding a +0 spear
              (10 damage)
             ... on level 3 of the Dungeon.
             The game lasted 00:03:51 (1596 turns).

Oddball22 the Grasshopper (Spriggan Warper)         Turns: 1596, Time: 00:03:51

Health: -3/15      AC:  2    Str:  7    XL:     2   Next: 86%
Magic:  6/6        EV: 19    Int: 14    God:
Gold:   41         SH:  0    Dex: 15    Spells: 2 memorised, 3 levels left

rFire  . . .     SeeInvis +     a - +0 short sword
rCold  . . .     Gourm    .     b - +0 robe
rNeg   . . .     Faith    .     (shield restricted)
rPois  .         Spirit   .     (helmet restricted)
rElec  .         Dismiss  .     (no cloak)
rCorr  .         Reflect  .     (gloves unavailable)
SustAt +         Harm     .     (boots unavailable)
MR     .....                    (no amulet)
Stlth  ++........               (no ring)
                                i - ring of sustain attributes

@: very quick, not resistant to hostile enchantments, unstealthy
A: unfitting armour, see invisible, herbivore 3, speed 3, slow metabolism 2
a: no special abilities


You were on level 3 of the Dungeon.
You were not hungry.

You visited 1 branch of the dungeon, and saw 3 of its levels.

You collected 41 gold pieces.

Inventory:

Hand Weapons
 a - a +0 short sword (weapon)
 p - a +0 hunting sling
Missiles
 e - 5 tomahawks of dispersal (quivered)
 h - 30 arrows
 k - 60 stones
Armour
 b - a +0 robe (worn)
Jewellery
 i - a ring of sustain attributes (left hand)
Scrolls
 d - a scroll of blinking
 g - 4 scrolls of identify {unknown}
 j - a scroll of teleportation {unknown}
 m - 2 scrolls of enchant armour {unknown}
Potions
 l - a potion of invisibility {unknown}
 n - a potion of heal wounds {unknown}
 o - a potion of degeneration {unknown}
Books
 c - a book of Spatial Translocations

   Spells                             Type                      Level
   a - Apportation                    Translocation                1
   b - Blink                          Translocation                2
   c - Shroud of Golubria             Charms/Translocation         2
   d - Portal Projectile              Translocation                3
   e - Teleport Other                 Translocation                3
   f - Passage of Golubria            Translocation                4
Comestibles
 f - 2 bread rations


   Skills:
 + Level 1.9 Fighting
 + Level 2.5 Short Blades
 - Level 1.0 Throwing
 + Level 4.0 Dodging
 + Level 2.1 Stealth
 - Level 2.6 Spellcasting
 - Level 4.4 Translocations


You had 3 spell levels left.
You knew the following spells:

 Your Spells              Type           Power        Failure   Level  Hunger
a - Apportation           Tloc           ##........   3%          1    #......
b - Blink                 Tloc           N/A          6%          2    ###....


Dungeon Overview and Level Annotations

Branches:
Dungeon (3/15)

Altars:


Innate Abilities, Weirdness & Mutations

You are tiny and cannot use many weapons and most armour.
You have supernaturally acute eyesight.
You are a herbivore.
You cover ground extremely quickly.
You need consume almost no food.


Message History

Found a faded altar to an unknown god.
(D) Dungeon
Where to? (Enter - D:2, ? - help)
There is a stone staircase leading down here.
There is a stone staircase leading up here.
You climb upwards.
The rat closely misses you. The gnoll barely misses you.
The rat barely misses you.
The gnoll is too close now for your liking.
There is a stone staircase leading down here.
The gnoll hits you with a spear!
Ouch! That really hurt!
The gnoll misses you. The rat barely misses you. The gnoll barely misses you.
You climb downwards.
There is a stone staircase leading up here.
You hit the rat.
You kill the rat!
The gnoll barely misses you. The gnoll misses you. The gnoll barely misses you.
The gnoll hits you from afar with a spear!
Ouch! That really hurt!
You die...

### ..# #.#
#.##########
#.#.........
###.#.####.###
###...........#
<####..[..gg@.....#
..........g<####....
#.###.#.#.### .##
#....#.#.# ###.#.#.#
####.###.#..#.##
........###.>..#
########.#.###.#
##.####.######.#


You could see 3 gnolls.

Vanquished Creatures
  A dart slug (D:1)
  A giant gecko (D:1)
  A ball python (D:1)
  4 hobgoblins (D:1)
  3 kobolds (D:1)
  3 bats (D:1)
  A giant newt (D:1)
  3 goblins (D:1)
  6 rats
23 creatures vanquished.

Notes
Turn   | Place    | Note
--------------------------------------------------------------
     0 | D:1      | Oddball22 the Spriggan Warper began the quest for the Orb.
     0 | D:1      | Reached XP level 1. HP: 10/10 MP: 5/5
   134 | D:1      | Reached skill level 1 in Stealth
   500 | D:1      | Reached XP level 2. HP: 8/15 MP: 6/6
   510 | D:1      | Learned a level 2 spell: Blink
  1576 | D:3      | Found a faded altar to an unknown god.
  1596 | D:3      | Slain by a gnoll

Vault maps used:
D:1:      minmay_arrival_four_circles, st_stairs_11
D:2:      minmay_misc_feat_roman
D:3:      ecumenical_altar_1, patterned_corridor, uniq_crazy_yiuf_cottage

Skill      XL: |  1  2 |
---------------+-------+-----
Stealth        | 1 2 |  2.1
Dodging        | 4 |  4.0
Fighting       | |  1.9
Short Blades   | |  2.5
Throwing       | |  1.0
Spellcasting   | |  2.6
Translocations | |  4.4

Action                   || total
-------------------------++-------
Melee: Short sword       ||    93
 Stab: Sleeping          ||     3
       Distracted        ||     1
